Map: 汇龙岛 - 天梯版

Players

剑道九重天

  • Race: Terran Terran
  • Spawn Location: 11:00

波动少女 - Winner!

  • Race: Zerg Zerg
  • League: Silver
  • Spawn Location: 5:00

VOD

Have the link to the VOD?

Description

Time

  • Played on: Nov. 29, 2017, 8:02 p.m.
  • Length: 10:58
Show
View Real Time Build Order
Export as new Build Order

剑道九重天 Terran 

Build Orders:  

Get SALT Encoding   

  12  0:01  SCV  
  13  0:22  Supply Depot  
  13  0:23  SCV  
  14  0:35  SCV  
  15  0:47  SCV  
  15  0:48  Barracks  
  16  0:57  Refinery x2  
  16  1:02  SCV  
  17  1:15  SCV  
  18  1:35  Orbital Command  
  18  1:49  Factory  
  18  2:02  SCV  
  19  2:16  Supply Depot  
  19  2:33  Factory Tech Lab  
  19  2:38  Supply Depot  
  19  2:42  Supply Depot  
  19  2:45  Marine  
  20  2:51  Siege Tank  
  23  3:19  Supply Depot  
  23  3:20  SCV  
  24  3:30  Marine  
  25  3:36  Factory Tech Lab  
  25  3:43  Command Center  
  25  3:48  Marine  
  25  3:54  SCV  
  27  3:57  Supply Depot  
  27  4:06  Marine  
  28  4:16  SCV  
  29  4:20  Supply Depot  
  29  4:29  Siege Tank  
  32  4:34  SCV  
  33  4:43  Supply Depot  
  33  4:48  SCV  
  34  4:58  Orbital Command, Refinery  
  34  5:07  Supply Depot  
  34  5:12  Refinery  
  34  5:30  Supply Depot  
  34  5:43  SCV  
  34  5:45  SCV  
  36  5:55  Supply Depot, SCV  
  37  5:57  SCV  
  38  6:10  SCV  
  39  6:16  Starport  
  39  6:22  Supply Depot  
  24  7:23  SCV  
  25  7:35  SCV  
  26  7:47  SCV  
  27  7:51  Supply Depot  
  27  7:59  SCV  
  28  8:11  SCV  
  29  8:23  SCV  
  30  8:30  Supply Depot  
  30  8:35  SCV  
  31  8:44  SCV  
  32  8:56  SCV  
  30  9:09  SCV  
  26  9:21  SCV  
  27  9:33  SCV  
  28  9:47  SCV  
  29  9:59  SCV  
  30  10:12  SCV  
  31  10:24  SCV  
  32  10:32  Starport Tech Lab  
  32  10:35  Starport  
  31  10:47  Bunker  
Show
View Real Time Build Order
Export as new Build Order

波动少女 Zerg - Winner!

Build Orders: Pool First 

Get SALT Encoding   

  12  0:02  Drone  
  13  0:08  Drone  
  14  0:16  Overlord  
  14  0:36  Drone x3  
  17  0:45  Spawning Pool  
  16  0:51  Drone  
  17  0:58  Drone  
  18  1:16  Hatchery  
  17  1:21  Drone  
  17  1:22  Drone, Extractor  
  18  1:32  Queen  
  18  1:36  Zergling x2  
  21  1:42  Drone  
  22  1:54  Overlord  
  22  2:12  Queen  
  22  2:13  Overlord  
  25  2:15  Drone  
  25  2:24  Metabolic Boost  
  25  2:27  Queen  
  27  2:30  Drone x2  
  29  2:54  Drone x3  
  32  2:59  Hatchery, Drone x2  
  33  3:08  Queen  
  33  3:12  Overlord  
  35  3:17  Drone  
  35  3:18  Drone  
  37  3:20  Drone  
  37  3:24  Drone  
  37  3:25  Drone  
  40  3:28  Drone  
  40  3:31  Drone x2  
  40  3:33  Drone  
  44  3:38  Drone x2  
  47  3:41  Drone x2  
  47  3:45  Pneumatized Carapace  
  48  3:54  Drone x3, Extractor  
  48  3:55  Extractor  
  49  3:58  Queen  
  50  4:10  Drone x2  
  50  4:15  Overlord  
  50  4:16  Roach Warren  
  52  4:17  Drone x3, Evolution Chamber  
  52  4:22  Queen  
  55  4:30  Lair  
  55  4:41  Overlord x2  
  55  4:42  Drone  
  55  4:43  Drone x3  
  59  4:46  Overlord  
  59  4:47  Zergling x2  
  59  4:49  Zergling x2  
  59  4:50  Spore Crawler  
  59  4:51  Zergling x2  
  61  4:58  Overlord  
  61  4:59  Roach x2  
  65  5:06  Zergling x6  
  68  5:17  Zerg Melee Weapons Level 1  
  68  5:21  Evolution Chamber  
  68  5:22  Drone x4  
  68  5:23  Drone x3  
  74  5:33  Hydralisk Den  
  74  5:34  Drone x3  
  74  5:35  Baneling Nest  
  75  5:38  Zergling x4  
  75  5:40  Drone x3  
  80  5:53  Overlord  
  80  5:54  Overlord x2  
  80  5:57  Drone x3  
  80  6:04  Drone x3  
  85  6:05  Extractor  
  85  6:11  Muscular Augments, Hydralisk  
  85  6:12  Hydralisk  
  85  6:14  Hatchery  
  88  6:19  Hydralisk  
  88  6:20  Hydralisk x2  
  88  6:22  Hydralisk  
  96  6:28  Hydralisk  
  96  6:29  Hydralisk x2  
  102  6:39  Hydralisk  
  102  6:40  Overlord  
  102  6:41  Overlord x3  
  102  6:46  Hydralisk x2, Extractor  
  107  6:52  Centrifical Hooks  
  107  6:54  Overlord x2  
  104  7:01  Drone x3, Extractor  
  104  7:04  Drone  
  104  7:05  Drone x4  
  110  7:18  Hydralisk  
  110  7:19  Hydralisk x5  
  122  7:26  Zerg Missile Weapons Level 1  
  122  7:42  Hydralisk x5  
  122  7:44  Zergling x14  
  139  7:55  Zergling x2  
  139  7:56  Zergling x8  
  144  8:02  Drone  
  144  8:04  Infestation Pit, Zerg Melee Weapons Level 2  
  144  8:09  Zergling x2  
  144  8:10  Zergling x16  
  153  8:16  Zergling x2  
  153  8:17  Zergling x4  
  156  8:22  Overlord x3  
  156  8:23  Overlord  
  156  8:35  Hydralisk x9  
  156  8:36  Zergling x2  
  171  8:50  Zergling x16  
  180  9:02  Zergling x2  
  180  9:03  Zergling x8  
  182  9:16  Baneling x2  
  182  9:17  Baneling x16  
  181  9:19  Drone  
  181  9:20  Drone x5  
  181  9:23  Baneling x3  
  186  9:24  Baneling x9  
  186  9:26  Hive  
  186  9:32  Spire  
  185  9:43  Overseer  
  185  10:00  Drone, Extractor  
  185  10:01  Drone x14  
  185  10:03  Extractor  
  198  10:28  Baneling x5  
  198  10:30  Baneling x3  
  198  10:31  Baneling x18  
Tags
 
Add a new tag
Caveats
  • Supply blocks, unpowered buildings, or Contaminate may cause inaccurate times.
  • Supply counts are checked every 10 seconds.